 Dungeon Crawl Stone Soup version 0.31.0-11-ge490571c62 (webtiles) character file.

Game seed: 7907600608510988550

19 Gadfly the Trooper (level 2, -1/24 HPs)
             Began as a Demonspawn Monk on Jan 28, 2024.
             Engulfed by a cloud of flame (25 damage)
             ... on level 1 of the Dungeon.
             The game lasted 00:00:59 (949 turns).

Gadfly the Trooper (Demonspawn Monk)                 Turns: 949, Time: 00:01:00

Health: -1/24      AC:  2    Str: 11    XL:     2   Next: 55%
Magic:  2/2        EV: 13    Int: 10    God:
Gold:   44         SH:  0    Dex: 15    Spells: 1/1 levels left

rFire   . .          .
                       - Unarmed
rCold   . . .        c - orb {light}
rNeg    . . .        a - +0 robe
rPois   .            (no helmet)
rElec   .            (no cloak)
rCorr   .            (no gloves)
SInv    .            (no boots)
Will    +....        (no amulet)
Stlth   +            d - ring of willpower
HPRegen 0.24/turn    (no ring)
MPRegen 0.08/turn

%: no passive effects
@: glowing
A: powered by death 1
a: no special abilities


You were on level 1 of the Dungeon.
You visited 1 branch of the dungeon, and saw 1 of its levels.

You collected 44 gold pieces.

Inventory:

Armour
 a - a +0 robe (worn)
 c - an orb of light (worn)
Jewellery
 d - a ring of willpower (left hand)
Scrolls
 f - a scroll of amnesia {unknown}
Potions
 b - a potion of ambrosia
 e - a potion of brilliance {unknown}
 g - a potion of resistance
 h - a potion of might {unknown}


   Skills:
 - Level 3.0 Fighting
 + Level 2.8 Dodging
 + Level 2.8 Unarmed Combat
 * Level 1.2 Evocations
 * Level 1.0 Shapeshifting


You had one spell level left.
You didn't know any spells.
Your spell library was empty.

Dungeon Overview and Level Annotations

Branches:
Dungeon (1/15)

Altars:


Innate Abilities, Weirdness & Mutations

You regenerate a little health from kills.


Message History

As you read the scroll labelled WOYTAW EXIOR, it crumbles to dust.
It is a scroll of identify.
g - a potion of resistance You see here a +0 club.
Found a rapier.
You now have 44 gold pieces (gained 3).
A ball python comes into view.
Found a dagger.
You completely miss the ball python. The ball python closely misses you.
The ball python barely misses you.
You hit the ball python.
You kill the ball python!
No target in view!
No target in view!
No target in view!
No target in view!
No target in view!
No target in view!
No target in view!
No target in view!
No target in view!
No target in view!
No target in view!
No target in view!
No target in view!
No target in view!
No target in view!
You see here a ball python corpse.
You see here a +0 dagger.
f - a scroll labelled DEEBAR AFELOGUPN You see here a +0 dagger.
You see here a ball python corpse.
You see here a +0 rapier.
Partly explored, can't reach some items and places.
Partly explored, can't reach some items and places.
Partly explored, can't reach some items and places.
Partly explored, can't reach some items and places.
You are engulfed in blazing flames.
Ouch! That really hurt!
You die...

##.#.###########.# #.#
##.#.###########)# #.#
##.#.###########.# #.#
##.#.###########.#######.#
##.#.###########......##.#
##.........####..####.##.#
###[#.....#####...#
####.####### ###.#.....#
#.§§# #........ ...>#.>...#
#.@§# ##########. #####.....#
#§.§# #.......... #
#.....#####...#####†#########
# #......°○..[.$.§☼°..# #
#......§§§..)...○☼.)# #
######..§§.....§.☼..# #
######...#####.# # #..§# #.#
# #§§§# #.#


There were no monsters in sight!

Vanquished Creatures
  A giant cockroach (D:1)
  3 goblins (D:1)
  3 hobgoblins (D:1)
  2 jackals (D:1)
  5 ball pythons (D:1)
  3 frilled lizards (D:1)
  A rat (D:1)
18 creatures vanquished.

Vanquished Creatures (others)
  An endoplasm (D:1)
  A giant cockroach (D:1)
  A frilled lizard (D:1)
3 creatures vanquished.

Grand Total: 21 creatures vanquished

Notes
Turn   | Place    | Note
-------+----------+-------------------------------------------
     0 | D:1      | Gadfly the Demonspawn Monk began the quest for the Orb.
     0 | D:1      | Reached XP level 1. HP: 18/18 MP: 1/1
   242 | D:1      | Gained mutation: You regenerate a little health from kills.
                  | [demonic ancestry]
   242 | D:1      | Reached XP level 2. HP: 13/24 MP: 2/2
   414 | D:1      | Reached skill level 1 in Evocations
   668 | D:1      | Reached skill level 1 in Shapeshifting
   949 | D:1      | Engulfed by a cloud of flame

Illustrated notes

Levels and vault maps discovered:
D:1:      wander_arrival_fairy_ring, layout_basic, lemuel_flame_loot_1

Skill      XL: |  1  2 |
---------------+-------+-----
Evocations     | 1 |  1.2
Shapeshifting  | 1 |  1.0
Fighting       | |  3.0
Dodging        | |  2.8
Unarmed Combat | |  2.8

Action                     || total
---------------------------++-------
  Melee: Unarmed           ||    45
    Use: Scroll            ||     3
 Armour: Robe              ||    23
  Dodge: Dodged            ||    28
